[Event "Late-Titled-Tuesday-Blitz-June-25-2024"]
[Site "Chess.com"]
[Date "2024.06.25"]
[Round "3"]
[White "Bykov_Egor"]
[Black "Quattroporte300"]
[Result "1-0"]
[WhiteElo "2619"]
[BlackElo "2426"]
[TimeControl "180+1"]
[EndTime "14:26:48 PDT"]
[Termination "Bykov_Egor won by resignation"]

1. Nf3 c5 2. e3 Nc6 3. d4 cxd4 4. exd4 d5 5. Bb5 Nf6 6. O-O Bg4 7. h3 Bh5 8. g4 Bg6 9. Ne5 Qb6 10. Nc3 a6 11. Bxc6+ bxc6 12. h4 h5 13. g5 Ne4 14. Nxg6 Nxc3 15. bxc3 fxg6 16. Re1 Kd7 17. Qe2 Qc7 18. Qe6+ Kd8 19. Rb1 Qd6 20. Qxd6+ exd6 21. Rb7 Rc8 22. Ra7 Rc7 23. Rxa6 Kd7 24. Ra8 Rc8 25. Rxc8 Kxc8 26. Re8+ Kd7 27. Ra8 Rg8 28. a4 Ke7 29. a5 Kf7 30. a6 Be7 31. Rxg8 Kxg8 32. a7 1-0

[Event "Late-Titled-Tuesday-Blitz-June-25-2024"]
[Site "Chess.com"]
[Date "2024.06.25"]
[Round "3"]
[White "stasOR4ik"]
[Black "Aryan_Tamadon"]
[Result "0-1"]
[WhiteElo "2452"]
[BlackElo "2644"]
[TimeControl "180+1"]
[EndTime "14:26:49 PDT"]
[Termination "Aryan_Tamadon won by resignation"]

1. e4 d5 2. exd5 Qxd5 3. Nf3 Nf6 4. Be2 Bg4 5. Nc3 Qd8 6. h3 Bh5 7. d4 e6 8. Bf4 Bb4 9. O-O O-O 10. Bg5 Nbd7 11. Ne4 c6 12. Ne5 Bxe2 13. Qxe2 Be7 14. Nxd7 Nxd7 15. Bxe7 Qxe7 16. c4 Rfd8 17. Rfd1 Nf6 18.
Nc3 Qb4 19. Rd2 Rd7 20. Rad1 Rad8 21. d5 exd5 22. cxd5 cxd5 23. a3 Qc5 24. Rd4 h6 25. Qf3 Qb6 26. R1d2 Qc5 27. b4 Qc6 28. Ne2 Ne4 29.
R2d3 Rd6 30. Nf4 Rf6 31. Nxd5 Rxf3 32. Ne7+ Kh7 33. Nxc6 Rxd3 34. Rxd8 Rxd8 35. Nxd8 Nd6 36. a4 Kg8 37. b5 Kf8 38. a5 Ke8 39. Nxb7 Nxb7 40.
b6 a6 41. f4 Nxa5 42. Kf2 Kd7 0-1

[Event "Late-Titled-Tuesday-Blitz-June-25-2024"]
[Site "Chess.com"]
[Date "2024.06.25"]
[Round "3"]
[White "chesselephant"]
[Black "schondeln"]
[Result "1/2-1/2"]
[WhiteElo "2597"]
[BlackElo "2387"]
[TimeControl "180+1"]
[EndTime "14:26:49 PDT"]
[Termination "Game drawn by repetition"]

1. d4 d5 2. c4 c6 3. Nf3 Nf6 4. Nc3 dxc4 5. a4 Bf5 6. e3 e6 7.
Bxc4 Bb4 8. O-O Nbd7 9. Qe2 O-O 10. e4 Bg6 11. Bd3 Bh5 12. Bg5 e5 13. d5 Bxc3 14.
bxc3 cxd5 15. exd5 e4 16. Qxe4 Nxe4 17. Bxd8 Rfxd8 18. Bxe4 Nf6 19. Rfe1 Nxe4 20. Rxe4 Bxf3 21. gxf3 Rxd5 22.
Re7 Rc5 23. Rxb7 Rxc3 24. Kg2 Rc4 25. a5 Rc5 26. f4 g6 27. a6 Rc6 28. Kf3 Kg7 29. Ke4 Rf6 30. Ra4 h6 31. Kf3 Rc6 32. Ke4 Rf6 33. Kf3 Rc6 34. Kg4 Rf6 35. Kf3 1/2-1/2

[Event "Late-Titled-Tuesday-Blitz-June-25-2024"]
[Site "Chess.com"]
[Date "2024.06.25"]
[Round "3"]
[White "chessbaerchen"]
[Black "dosto07"]
[Result "1-0"]
[WhiteElo "2643"]
[BlackElo "2448"]
[TimeControl "180+1"]
[EndTime "14:26:50 PDT"]
[Termination "chessbaerchen won by checkmate"]

1. e4 e5 2. Nf3 Nc6 3. Bb5 a6 4. Ba4 Nf6 5. O-O Be7 6. Re1 b5 7.
Bb3 d6 8. c3 O-O 9. h3 Bb7 10.
d4 Re8 11. Ng5 Rf8 12. Nf3 Re8 13. a3 Bf8 14. Ng5 Re7 15. Nd2 h6 16. Ngf3 exd4 17.
cxd4 Na5 18. Bc2 c5 19. d5 c4 20. Nf1 g6 21. Ng3 Bg7 22. Bf4 Rc8 23. Qd2 Kh7 24.
Nd4 Qc7 25. Rac1 c3 26. bxc3 Nc4 27. Qd3 Nxa3 28. Bb3 Nc4 29. Bxc4 bxc4 30. Qf3 Nd7 31. Ndf5 gxf5 32. Nxf5 Ne5 33. Qh5 Rh8 34. Bxh6 Bf6 35.
Bg7+ Kg8 36. Qxh8# 1-0

[Event "Late-Titled-Tuesday-Blitz-June-25-2024"]
[Site "Chess.com"]
[Date "2024.06.25"]
[Round "3"]
[White "shirovin"]
[Black "IndianSchoolOfSuffering"]
[Result "0-1"]
[WhiteElo "2112"]
[BlackElo "2485"]
[TimeControl "180+1"]
[EndTime "14:26:50 PDT"]
[Termination "IndianSchoolOfSuffering won by checkmate"]

1. e4 e5 2. Nf3 Nc6 3. Bc4 Nf6 4. d3 h6 5. c3 d6 6. Nbd2 g5 7. O-O Bg7 8. d4 Qe7 9. d5 Nd8 10. Bb5+ Bd7 11. Qa4 O-O 12. Bxd7 Nxd7 13. Nc4 f5 14.
exf5 Rxf5 15. Ne3 Rf8 16. Qc2 Qf7 17. Bd2 a5 18. b3 b6 19. a3 Nf6 20. b4 Nxd5 21.
bxa5 Rxa5 22. c4 Nxe3 23. fxe3 Ra8 24. Nxg5 hxg5 25. Rxf7 Rxf7 26. a4 Ne6 27. a5 bxa5 28.
Rxa5 Raf8 29. h3 Rf1+ 30. Kh2 R1f2 31. Qd3 Nc5 32. Qd5+ Kh8 33. Ra7 e4 34. Bb4 Be5+ 35. Kg1 Rf1# 0-1

[Event "Late-Titled-Tuesday-Blitz-June-25-2024"]
[Site "Chess.com"]
[Date "2024.06.25"]
[Round "3"]
[White "Andrey-Ivanov2011"]
[Black "maracayo"]
[Result "1-0"]
[WhiteElo "2120"]
[BlackElo "2391"]
[TimeControl "180+1"]
[EndTime "14:26:50 PDT"]
[Termination "Andrey-Ivanov2011 won by resignation"]

1. e4 d6 2. d4 Nf6 3. Nc3 c6 4. Nf3 Qa5 5. Bd2 e5 6. Bd3 Nbd7 7. O-O Qc7 8. Re1 Be7 9. Rc1 O-O 10. d5 Re8 11. Bg5 a6 12. a4 h6 13. Bxf6 Nxf6 14. dxc6 bxc6 15. b3 Bf8 16. Qd2 d5 17. Rcd1 Bb4 18.
Nb5 Qe7 19. c3 Bc5 20. b4 Bxf2+ 21. Qxf2 axb5 22. axb5 dxe4 23. Bxe4 Nxe4 24. Rxe4 cxb5 25. Rxe5 Be6 26. Rxb5 Qf6 27. Rc5 Ra2 28. Rd2 Ra1+ 29. Ne1 Bc4 30. Qxf6 Raxe1+ 31. Kf2 Rf1+ 32. Kg3 gxf6 33.
Rxc4 Re3+ 34. Kg4 Kg7 35. Rf4 Rc1 36. c4 Rb3 37. b5 Rbc3 38. Rdd4 R1c2 39. g3 Rb2 40. h4 Kg6 41. h5+ Kg7 42. Rf3 Rbc2 43. Rxc3 1-0

[Event "Late-Titled-Tuesday-Blitz-June-25-2024"]
[Site "Chess.com"]
[Date "2024.06.25"]
[Round "3"]
[White "grzechu96"]
[Black "ErikRonka"]
[Result "1-0"]
[WhiteElo "2769"]
[BlackElo "2498"]
[TimeControl "180+1"]
[EndTime "14:26:51 PDT"]
[Termination "grzechu96 won by resignation"]

1. e4 c5 2. Nf3 e6 3. d4 cxd4 4. Nxd4 Nf6 5. Nc3 d6 6. f3 a6 7. Be3 b5 8. a3 Nbd7 9. g4 h6 10. Qd2 Qc7 11. O-O-O Nb6 12. h4 Nfd7 13. Rh3 Ne5 14. Qe1 Nec4 15. Bg1 Rb8 16. g5 g6 17.
Rg3 Na4 18. f4 Naxb2 19. Bxc4 Nxc4 20. Nb1 hxg5 21. hxg5 Bg7 22. Rb3 e5 23. Ne2 Bg4 24. Nbc3 exf4 25. Nd5 Qd7 26. Bd4 Bxd4 27. Rxd4 Kf8 28.
Rxc4 Bxe2 29. Qxe2 bxc4 30. Rxb8+ Kg7 31. Rxh8 Kxh8 32.
Qxc4 Qg4 33. Qd4+ 1-0

[Event "Late-Titled-Tuesday-Blitz-June-25-2024"]
[Site "Chess.com"]
[Date "2024.06.25"]
[Round "3"]
[White "tptagain"]
[Black "GelmanAlexander"]
[Result "1-0"]
[WhiteElo "3021"]
[BlackElo "2701"]
[TimeControl "180+1"]
[EndTime "14:26:52 PDT"]
[Termination "tptagain won by resignation"]

1. d4 c5 2. e3 Nf6 3. Nf3 d6 4. c4 Nbd7 5. d5 h6 6. Nc3 g5 7.
e4 Bg7 8. Be2 Ng4 9. Nd2 Nge5 10.
h4 Ng6 11. hxg5 hxg5 12. Rxh8+ Bxh8 13. g3 Nde5 14. Nf3 Nxf3+ 15. Bxf3 Bxc3+ 16. bxc3 Qa5 17. Qb3 Ne5 18. Be2 g4 19. Bf4 f6 20. Kd2 b6 21.
Bxe5 dxe5 22. Rh1 Kd8 23. Bxg4 Bxg4 24. Rh8+ Kc7 25. Rxa8 Bc8 26. a4 Kb7 27. Rxc8 Kxc8 28. Qb5 Qxb5 29. cxb5 Kd7 30. f4 Ke8 31. Ke3 Kf7 32.
Kf3 exf4 33. gxf4 Kg6 34. Kg4 c4 35. e5 f5+ 36. Kh4 Kh6 37. d6 1-0

[Event "Late-Titled-Tuesday-Blitz-June-25-2024"]
[Site "Chess.com"]
[Date "2024.06.25"]
[Round "3"]
[White "Good_Knight_Kiss"]
[Black "Grischuk"]
[Result "0-1"]
[WhiteElo "2363"]
[BlackElo "3125"]
[TimeControl "180+1"]
[EndTime "14:26:52 PDT"]
[Termination "Grischuk won on time"]

1. e4 e5 2. Nf3 Nc6 3. Bb5 a6 4.
Ba4 Nge7 5. O-O Ng6 6. c3 d5 7.
d3 Be7 8. Re1 O-O 9. Nbd2 Be6 10.
Nf1 Kh8 11. Ng3 f6 12. Be3 b5 13. Bb3 Qd7 14. Nf5 Rad8 15. Nxe7 Qxe7 16. Qe2 Qf7 17.
h3 h6 18. Nh2 d4 19. Bxe6 Qxe6 20. cxd4 Nxd4 21. Bxd4 Rxd4 22. Qc2 Nf4 23. Re3 Rfd8 24. Qxc7 Rxd3 25. Ng4 R3d7 26. Qc2 h5 27. Nh2 Rd2 28. Qb3 Qxb3 29. axb3 Rxb2 30. Nf3 Rd3 31. Rxd3 Nxd3 32. Rxa6 Nxf2 33. Nh4 Nxe4 0-1

[Event "Late-Titled-Tuesday-Blitz-June-25-2024"]
[Site "Chess.com"]
[Date "2024.06.25"]
[Round "3"]
[White "Dr_troll"]
[Black "jcibarra"]
[Result "1-0"]
[WhiteElo "2686"]
[BlackElo "2933"]
[TimeControl "180+1"]
[EndTime "14:26:56 PDT"]
[Termination "Dr_troll won on time"]

1. c4 e5 2. Nc3 Nf6 3. Nf3 d6 4. e4 Bg4 5. d4 exd4 6. Qxd4 Bxf3 7. gxf3 Nc6 8. Qe3 g6 9. b3 Bg7 10. Bb2 O-O 11. Be2 Nd7 12. O-O-O a5 13. h4 Nc5 14. h5 g5 15. h6 Be5 16. Kb1 a4 17. Rhg1 axb3 18.
Rxg5+ Kh8 19. Rxe5 Nxe5 20. f4 Ned7 21. axb3 f6 22.
Nd5 c6 23. Nxf6 Nxf6 24. e5 Qa5 25. exf6 Qa2+ 26. Kc2 Rf7 27. Ra1 Qxa1 28. Bxa1 Rxa1 29. Qe8+ 1-0

[Event "Late-Titled-Tuesday-Blitz-June-25-2024"]
[Site "Chess.com"]
[Date "2024.06.25"]
[Round "3"]
[White "Shahdad2007"]
[Black "GM_dmitrij"]
[Result "0-1"]
[WhiteElo "2590"]
[BlackElo "2986"]
[TimeControl "180+1"]
[EndTime "14:26:56 PDT"]
[Termination "GM_dmitrij won by checkmate"]

1. e4 c6 2. Nc3 d5 3. Nf3 dxe4 4. Nxe4 Nf6 5. Qe2 Na6 6. d4 Bf5 7. Nxf6+ gxf6 8. c3 Qd5 9. g3 Be4 10. Bg2 f5 11. O-O e6 12. Nh4 Bxg2 13. Nxg2 O-O-O 14. b4 h5 15. Bg5 Re8 16. c4 Qd7 17. b5 cxb5 18.
cxb5 Nc7 19. Rac1 Kb8 20. a4 Bd6 21. h4 Nd5 22. a5 f6 23. Bd2 f4 24. a6 Rhg8 25.
Qxh5 fxg3 26. f3 f5 27. axb7 Qxb7 28. Rc6 Qd7 29. Re1 Bc7 30. Qh6 e5 31. dxe5 Rh8 32. Qg6 Ne7 33. Qg5 Nxc6 34. bxc6 Qxc6 35. Bf4 Qxf3 36. Rb1+ Ka8 37. Qg7 Qf2+ 38. Kh1 Rxh4+ 39. Nxh4 Qh2# 0-1

[Event "Late-Titled-Tuesday-Blitz-June-25-2024"]
[Site "Chess.com"]
[Date "2024.06.25"]
[Round "3"]
[White "Stanbad1"]
[Black "Oleksandr_Bortnyk"]
[Result "1/2-1/2"]
[WhiteElo "2735"]
[BlackElo "3061"]
[TimeControl "180+1"]
[EndTime "14:26:58 PDT"]
[Termination "Game drawn by agreement"]

1. d4 d6 2. Nc3 Nf6 3. e4 Nbd7 4. Be3 e5 5. f3 c6 6. dxe5 dxe5 7. a4 Bb4 8. Qd2 O-O 9. Bc4 Nc5 10. Nge2 Be6 11.
Qxd8 Rfxd8 12. Bxc5 Bxc5 13. Bxe6 fxe6 14. Rd1 h5 15.
Nc1 h4 16. Nd3 Bd4 17. Ne2 Nd7 18. g3 hxg3 19. hxg3 Bb6 20. c3 Nc5 21. Nxc5 Bxc5 22. Nc1 b5 23. Nd3 Bd6 24. axb5 cxb5 25. Ke2 a5 26.
Ra1 a4 27. Rh5 g6 28. Rg5 b4 29. cxb4 Rac8 30. Rxa4 Rc2+ 31. Ke3 Bc7 32. Ra6 Kh7 33.
Nxe5 Rxb2 34. Rxe6 Rb3+ 35. Kf4 Rf8+ 36. Kg4 Bxe5 37.
Rexe5 Rfxf3 38. Kh3 Rxb4 39. Re6 Re3 40. e5 Rbe4 41. Rexg6 Rxe5 42. Rg7+ Kh8 43. Rg4 Re2 44. Rb7 Rh5+ 45. Rh4 Rxh4+ 46. Kxh4 Re5 47. g4 Kg8 48. g5 Ra5 49. Kh5 Ra6 50. Rc7 Rb6 1/2-1/2

[Event "Late-Titled-Tuesday-Blitz-June-25-2024"]
[Site "Chess.com"]
[Date "2024.06.25"]
[Round "3"]
[White "evgchess5"]
[Black "Maus7"]
[Result "0-1"]
[WhiteElo "2893"]
[BlackElo "2672"]
[TimeControl "180+1"]
[EndTime "14:26:58 PDT"]
[Termination "Maus7 won by resignation"]

1. e4 c5 2. Nf3 d6 3. Bb5+ Bd7 4. c4 Nf6 5. Nc3 g6 6. d4 cxd4 7. Nxd4 Bg7 8. h3 O-O 9. O-O Nc6 10. Be3 Rc8 11.
Bxc6 Bxc6 12. f3 a6 13. Qd2 Qd7 14. a4 e6 15. Rfd1 Rfd8 16. a5 Qc7 17. Nde2 Qb8 18.
Bb6 Rd7 19. Qe3 Re8 20. b4 Rde7 21. Qf4 d5 22. Qxb8 Rxb8 23. cxd5 exd5 24. e5 Nd7 25. Bc7 Rc8 26. Bd6 Ree8 27. f4 f6 28. exf6 Nxf6 29.
Be5 Nh5 30. Bxg7 Kxg7 31. Rac1 Re3 32. Kf2 Rce8 33. Rd2 h6 34. Rcc2 Nf6 35. Nd4 Rxc3 0-1

[Event "Late-Titled-Tuesday-Blitz-June-25-2024"]
[Site "Chess.com"]
[Date "2024.06.25"]
[Round "3"]
[White "romulocardoso"]
[Black "koncheto"]
[Result "0-1"]
[WhiteElo "2305"]
[BlackElo "2570"]
[TimeControl "180+1"]
[EndTime "14:26:58 PDT"]
[Termination "koncheto won on time"]

1. e4 c5 2. Nf3 d6 3. d4 cxd4 4.
Nxd4 Nf6 5. Nc3 Nc6 6. Be3 e6 7. f3 a6 8. Qd2 Bd7 9. O-O-O b5 10. g4 h6 11. h4 Rc8 12. Kb1 Ne5 13. a3 Be7 14. Be2 Qc7 15. g5 hxg5 16. hxg5 Nh5 17.
f4 Nc4 18. Qc1 g6 19. f5 Nxa3+ 20. Ka2 b4 21. bxa3 Qxc3 22. Bxa6 Ra8 23. Nb5 Qc4+ 24.
Kb1 Rxa6 25. Bd4 e5 26. Bb2 Bxb5 0-1

[Event "Late-Titled-Tuesday-Blitz-June-25-2024"]
[Site "Chess.com"]
[Date "2024.06.25"]
[Round "3"]
[White "Mikhail_Golubev"]
[Black "PapaieDudu"]
[Result "1-0"]
[WhiteElo "2658"]
[BlackElo "2458"]
[TimeControl "180+1"]
[EndTime "14:26:59 PDT"]
[Termination "Mikhail_Golubev won by checkmate"]

1. e4 c5 2. Nf3 d6 3. d4 cxd4 4.
Nxd4 Nf6 5. Nc3 a6 6. Bc4 e6 7. Bb3 Be7 8. g4 O-O 9. Be3 Nc6 10. g5 Nd7 11. Rg1 Nc5 12. Qh5 Nxd4 13. Bxd4 e5 14. Bxc5 g6 15. Qh6 dxc5 16. Rd1 Qa5 17. Rg3 Rd8 18.
Bxf7+ Kh8 19. Bxg6 Rxd1+ 20. Kxd1 Qd8+ 21. Nd5 Qg8 22. Nxe7 Qg7 23. Qxg7+ Kxg7 24. Bf5 Bxf5 25. exf5 Rd8+ 26.
Rd3 Re8 27. Rd7 e4 28. Nd5+ Kf8 29. Nf6 Re5 30. g6 hxg6 31. fxg6 Rg5 32. Rf7# 1-0

[Event "Late-Titled-Tuesday-Blitz-June-25-2024"]
[Site "Chess.com"]
[Date "2024.06.25"]
[Round "3"]
[White "PNEPaul"]
[Black "sari07"]
[Result "0-1"]
[WhiteElo "1943"]
[BlackElo "2363"]
[TimeControl "180+1"]
[EndTime "14:26:59 PDT"]
[Termination "sari07 won on time"]

1. e4 e5 2. Nf3 Nc6 3. Bc4 Nf6 4. d4 exd4 5. O-O Nxe4 6. Re1 d5 7. Bxd5 Qxd5 8. Nc3 Qd7 9. Nxe4 Be7 10. Bg5 O-O 11. Bxe7 Qxe7 12. Nxd4 Bd7 13. Ng3 Qf6 14. Nxc6 Bxc6 15. Qg4 Rfe8 16. c3 Qg6 17. Qxg6 hxg6 18. f3 f5 19. Kf2 Kf7 20. Rxe8 Rxe8 21. Re1 Rxe1 22. Kxe1 Kf6 23. Kd2 g5 24. Ne2 Bd5 25.
b3 c5 26. c4 Bc6 27. Nc3 Ke5 28. Ke3 f4+ 29. Kd3 g4 30. fxg4 Bxg2 31. h4 Bh3 32. g5 Bf5+ 33. Ke2 Kd4 34. Nb5+ Ke5 35. Nxa7 Bg4+ 36. Kf2 Bd1 37. Nb5 Bc2 38. Kf3 Bb1 39.
a3 Ba2 0-1

[Event "Late-Titled-Tuesday-Blitz-June-25-2024"]
[Site "Chess.com"]
[Date "2024.06.25"]
[Round "3"]
[White "rockstar0902"]
[Black "Chempiblinka"]
[Result "1-0"]
[WhiteElo "2612"]
[BlackElo "2411"]
[TimeControl "180+1"]
[EndTime "14:27:00 PDT"]
[Termination "rockstar0902 won by resignation"]

1. c4 Nf6 2. Nc3 g6 3. e4 d6 4.
g3 Bg7 5. Bg2 O-O 6. Nge2 c5 7.
O-O Nc6 8. d3 a6 9. h3 Rb8 10. a4 Ne8 11. Be3 Nc7 12. d4 b6 13.
Rb1 e5 14. d5 Nb4 15. f4 b5 16. b3 exf4 17. gxf4 bxc4 18. bxc4 a5 19. e5 Na8 20. Nb5 dxe5 21. Bxc5 Re8 22. fxe5 Bxe5 23. Ned4 Qh4 24.
Nf3 Qg3 25. Nxe5 Qxe5 26. Qf3 Bf5 27. Bd6 Qg7 28. Bxb8 Bxb1 29. Rxb1 Rxb8 30. d6 Rd8 31. c5 Nc2 32. Rd1 Nb4 33. c6 Nb6 34. c7 Rf8 35. d7 Nxd7 36. Rxd7 Qa1+ 37. Bf1 Nc2 38.
c8=Q Ne1 39. Qxf7+ 1-0

[Event "Late-Titled-Tuesday-Blitz-June-25-2024"]
[Site "Chess.com"]
[Date "2024.06.25"]
[Round "3"]
[White "subham777"]
[Black "KebabJangles"]
[Result "1-0"]
[WhiteElo "2537"]
[BlackElo "2228"]
[TimeControl "180+1"]
[EndTime "14:27:02 PDT"]
[Termination "subham777 won by checkmate"]

1. e4 c5 2. Nf3 e6 3. g3 d5 4.
exd5 exd5 5. d4 Nf6 6. Bg2 Be7 7. O-O O-O 8. Re1 Nc6 9. h3 h6 10. c3 c4 11. Nbd2 Bf5 12. Nf1 Bd3 13. Ne3 b5 14.
Ne5 Nxe5 15. dxe5 Ne4 16. Qg4 b4 17. Nf5 Ng5 18. Nxh6+ gxh6 19. h4 h5 20. Qxh5 Nh7 21.
Bh6 Kh8 22. Bxf8 Qxf8 23. Bxd5 Rd8 24. Qxf7 bxc3 25. bxc3 Ba3 26. Rad1 Bb2 27. Bxc4 Qxf7 28. Bxf7 Kg7 29. e6 Nf6 30. Re3 Nd5 31. Rexd3 Rf8 32.
Rxd5 Ba3 33. Rd8 Kf6 34. Rxf8 Ke7 35. Re8+ Kf6 36. Rd4 Kf5 37. e7 Bc5 38. Bb3 Bxd4 39. Rf8+ Kg4 40. e8=Q Bxf2+ 41. Kg2 Bxg3 42. Bd1+ Kxh4 43.
Qe4+ Kg5 44. Qf5+ Kh4 45. Rf6 Bf4 46. Qg4# 1-0

[Event "Late-Titled-Tuesday-Blitz-June-25-2024"]
[Site "Chess.com"]
[Date "2024.06.25"]
[Round "3"]
[White "FMOlexandrProhorov"]
[Black "Boudicca64"]
[Result "1-0"]
[WhiteElo "2363"]
[BlackElo "1942"]
[TimeControl "180+1"]
[EndTime "14:27:02 PDT"]
[Termination "FMOlexandrProhorov won by checkmate"]

1. c4 Nf6 2. Nc3 g6 3. g3 Bg7 4.
Bg2 O-O 5. d3 c5 6. h4 h5 7. Nh3 Nc6 8. Nf4 a6 9. O-O Rb8 10. a4 d6 11. Bd2 Bd7 12. Rb1 Nb4 13.
Ncd5 Nbxd5 14. cxd5 b5 15. axb5 axb5 16. b4 c4 17. dxc4 bxc4 18. Qc1 Qc7 19. Bc3 Rfc8 20. Qb2 Bf5 21. Ra1 Ra8 22. f3 Qb7 23. e4 Bd7 24. Kh2 Ba4 25. Rfe1 Bb3 26. Ne2 Rxa1 27.
Rxa1 Ra8 28. Nd4 Nd7 29. Nc6 Nc5 30. bxc5 Bxc3 31. Qxc3 dxc5 32. Rxa8+ Qxa8 33. Nxe7+ Kf8 34. Qh8+ Kxe7 35. Qxa8 Kd6 36. Qc6+ Ke5 37. Qxc5 f5 38. f4+ Kf6 39. e5+ Kf7 40. Qc7+ Ke8 41. d6 Ba4 42. Qe7# 1-0

[Event "Late-Titled-Tuesday-Blitz-June-25-2024"]
[Site "Chess.com"]
[Date "2024.06.25"]
[Round "3"]
[White "rionelG"]
[Black "vova-79"]
[Result "0-1"]
[WhiteElo "2373"]
[BlackElo "2603"]
[TimeControl "180+1"]
[EndTime "14:27:04 PDT"]
[Termination "vova-79 won by checkmate"]

1. e4 e6 2. d4 d5 3. Nd2 dxe4 4. Nxe4 Nd7 5. Nf3 Ngf6 6. Nxf6+ Nxf6 7. Bd3 c5 8. O-O cxd4 9. Nxd4 Bc5 10. Nb3 Bd6 11.
Bg5 Qc7 12. Bxf6 gxf6 13. Qh5 Bd7 14. Rfe1 Be5 15. Re4 Bc6 16. Rc4 Qb6 17. Re1 Rg8 18. Be4 Bb5 19. Bxh7 Rxg2+ 20. Kxg2 Bxc4 21. Be4 Ke7 22. Qf3 Rb8 23. h3 Bxb2 24. Nd2 Ba6 25. Bd3 Bxd3 26. cxd3 Bc3 27. Re2 Bxd2 28. Rxd2 Rg8+ 29.
Kh1 Qb1+ 30. Kh2 Qg1# 0-1

[Event "Late-Titled-Tuesday-Blitz-June-25-2024"]
[Site "Chess.com"]
[Date "2024.06.25"]
[Round "3"]
[White "Sanan_Sjugirov"]
[Black "komogro"]
[Result "1-0"]
[WhiteElo "3000"]
[BlackElo "2517"]
[TimeControl "180+1"]
[EndTime "14:27:05 PDT"]
[Termination "Sanan_Sjugirov won on time"]

1. e4 g6 2. d4 Bg7 3. Nc3 c6 4. f4 d5 5. e5 h5 6. Nf3 Bg4 7. h3 Bxf3 8. Qxf3 h4 9. Bd3 e6 10. O-O Nh6 11. Be3 Nf5 12. Bf2 Nd7 13. Ne2 Qc7 14. c4 Bf8 15. c5 Be7 16. b4 b5 17. a4 bxa4 18. Rxa4 O-O 19. Rfa1 Rfb8 20. Kh1 Nf8 21. Nc3 Rb7 22. b5 cxb5 23. Nxb5 Qb8 24. Nd6 Rb3 25. Qd1 Bd8 26. Bc2 Rb4 27. Rxb4 Qxb4 28. Qd3 Qb8 29. Rb1 Qc7 30. Qb3 Qa5 31.
Bxf5 gxf5 32. Qb7 Qc7 33. Qxa8 1-0

[Event "Late-Titled-Tuesday-Blitz-June-25-2024"]
[Site "Chess.com"]
[Date "2024.06.25"]
[Round "3"]
[White "manitodeplomo"]
[Black "chesspilot01"]
[Result "0-1"]
[WhiteElo "2586"]
[BlackElo "2325"]
[TimeControl "180+1"]
[EndTime "14:27:05 PDT"]
[Termination "chesspilot01 won by resignation"]

1. d4 d5 2. c4 e6 3. Nf3 Nf6 4.
Nc3 h6 5. g3 Bd6 6. Bg2 O-O 7.
O-O Nc6 8. b3 Ne4 9. Bb2 Bb4 10.
Qd3 Nxc3 11. Bxc3 Bxc3 12. Qxc3 Ne7 13. Rfe1 b6 14. e4 dxe4 15. Rxe4 Bb7 16. Re2 Rc8 17. Rd1 Nf5 18. Red2 Nd6 19. Ne5 Bxg2 20. Kxg2 Ne4 21. Qf3 Nxd2 22. Rxd2 c5 23. d5 Qg5 24. Re2 exd5 25. cxd5 Rce8 26. h4 Qf6 27. Nc6 Rxe2 28. Qxe2 Qd6 29. Qe4 g6 30. h5 Kg7 31. hxg6 fxg6 32.
a4 Rf5 33. Nxa7 Qxd5 34. Qxd5 Rxd5 35. Nc8 Rd3 36. Nxb6 Rxb3 37. a5 Ra3 38. Nc4 Ra4 39.
Ne3 Rxa5 40. Kf3 Ra4 41. Nd5 Rd4 42. Ne3 Kf6 43. Ke2 g5 44. f3 Ke5 45. Ng4+ Rxg4 46. fxg4 Ke4 47. Kd2 Kf3 0-1

[Event "Late-Titled-Tuesday-Blitz-June-25-2024"]
[Site "Chess.com"]
[Date "2024.06.25"]
[Round "3"]
[White "sergiochess83"]
[Black "AGW2016"]
[Result "1-0"]
[WhiteElo "2838"]
[BlackElo "2552"]
[TimeControl "180+1"]
[EndTime "14:27:06 PDT"]
[Termination "sergiochess83 won by resignation"]

1. d4 Nf6 2. c4 e6 3. Nc3 d5 4. cxd5 exd5 5. Bg5 h6 6. Bxf6 Qxf6 7. Nxd5 Qd8 8. Nc3 Bd6 9. e3 O-O 10. Nf3 Nd7 11. g3 c5 12. Bg2 Nf6 13. O-O Bf5 14.
Qb3 Rb8 15. Rfd1 Qe7 16. Nb5 a6 17. Nxd6 Qxd6 18. Qa3 Rbc8 19. dxc5 Qxc5 20. Qxc5 Rxc5 21. Nd4 Be4 22. f3 Bd5 23. a3 Rfc8 24. Kf2 Kf8 25. Rd2 Be6 26. Rad1 Ke7 27. e4 b5 28. h3 g5 29. f4 gxf4 30. gxf4 Nh5 31. Ke3 Rg8 32. Bf3 Nf6 33. f5 Bd7 34. Kf4 Rgc8 35. e5 Nd5+ 36.
Bxd5 Rxd5 37. f6+ Ke8 38. Rg1 Kd8 39. Rg8+ Kc7 40. Rxc8+ Bxc8 41. h4 Kb6 42. b4 a5 43. Nb3 Rxd2 44. Nxd2 a4 45. Ke4 Kc6 46. Kd4 Bf5 47. Ne4 Be6 48. Nd6 Bd5 49. Ke3 Be6 50.
Kd4 Bd5 51. Nxb5 Bb3 52. Nc3 Be6 53. Nxa4 1-0

[Event "Late-Titled-Tuesday-Blitz-June-25-2024"]
[Site "Chess.com"]
[Date "2024.06.25"]
[Round "3"]
[White "Romadk"]
[Black "hoshiboshi"]
[Result "1-0"]
[WhiteElo "2483"]
[BlackElo "2239"]
[TimeControl "180+1"]
[EndTime "14:27:07 PDT"]
[Termination "Romadk won on time"]

1. d4 Nf6 2. Nf3 e6 3. g3 d5 4.
Bg2 c5 5. O-O Nc6 6. c4 dxc4 7.
Ne5 Nxe5 8. dxe5 Qxd1 9. Rxd1 Nd7 10. f4 Rb8 11. a4 a5 12. Na3 Nb6 13. Nb5 Bd7 14.
Nd6+ Bxd6 15. Rxd6 Nc8 16. Rd1 Nb6 17. Be3 Bxa4 18. Rd6 Nc8 19. Rxa4 Nxd6 20. exd6 b6 21. Bc6+ Kd8 22. Rxc4 Rc8 23. Bb5 h5 24. Re4 h4 25.
d7 Rc7 26. f5 hxg3 27. hxg3 Rxd7 28. Bxd7 Kxd7 29. fxe6+ fxe6 30. Rg4 Kd6 31. Rxg7 b5 32. Ra7 a4 33. Ra5 Rb8 34. g4 Kd5 35. g5 Kc4 36. Ra7 Rc8 37. g6 Kb3 38. g7 Kxb2 39. Bxc5 Rg8 40.
Kf2 Kb3 41. Ke3 Kc4 42. Bd4 b4 43. Rxa4 1-0

[Event "Late-Titled-Tuesday-Blitz-June-25-2024"]
[Site "Chess.com"]
[Date "2024.06.25"]
[Round "3"]
[White "PoAslan"]
[Black "Grossboss19"]
[Result "0-1"]
[WhiteElo "2418"]
[BlackElo "2614"]
[TimeControl "180+1"]
[EndTime "14:27:09 PDT"]
[Termination "Grossboss19 won by resignation"]

1. e4 c6 2. d4 d5 3. exd5 cxd5 4. c4 e6 5. Nc3 Nf6 6. c5 Nc6 7. Nf3 Be7 8. Bd3 O-O 9. O-O b6 10. Bb5 Bd7 11. Ne5 Nxe5 12. dxe5 Ne8 13. c6 Bc8 14. a4 Qc7 15. Bf4 a6 16. Bd3 Qxc6 17. Rc1 Qb7 18. h4 Bd7 19. h5 f5 20. exf6 Bxf6 21. Qd2 Rd8 22. Rfe1 Kh8 23. h6 g6 24. Bg5 Qb8 25. g3 Nd6 26. Bxf6+ Rxf6 27. Qg5 Rdf8 28. Nxd5 exd5 29.
Re7 Qd8 30. Qe5 Rf7 31. Rxf7 Nxf7 32. Qd4 Nxh6 33. Bxa6 Kg7 34. Qxd5 Nf7 35. Bc4 Bxa4 36. Qb7 Qd7 37. Qa8 Bc6 38. Qa1 Qh3 0-1

[Event "Late-Titled-Tuesday-Blitz-June-25-2024"]
[Site "Chess.com"]
[Date "2024.06.25"]
[Round "3"]
[White "ArmanGhevondyanchess"]
[Black "PawnEatingZombie"]
[Result "1-0"]
[WhiteElo "2601"]
[BlackElo "2307"]
[TimeControl "180+1"]
[EndTime "14:27:09 PDT"]
[Termination "ArmanGhevondyanchess won on time"]

1. Nf3 Nf6 2. d4 g6 3. g3 Bg7 4. Bg2 O-O 5. O-O d6 6. b3 Nc6 7. Bb2 d5 8. Ne5 Be6 9. Na3 a6 10. c4 Nb4 11. Nc2 Nxc2 12. Qxc2 c6 13. Rad1 Nd7 14.
e4 Nf6 15. exd5 cxd5 16. c5 Rc8 17. b4 Qc7 18. a4 Nd7 19. Nd3 b6 20. Nf4 bxc5 21.
Nxe6 fxe6 22. dxc5 a5 23. Bxg7 Kxg7 24. Qb2+ Nf6 25.
Rc1 axb4 26. Qxb4 Rb8 27. Qc3 e5 28. c6 d4 29. Qc5 Rb2 30. Rce1 Ng4 31. h3 Nxf2 32.
Rxe5 Rf7 33. Qxd4 1-0

[Event "Late-Titled-Tuesday-Blitz-June-25-2024"]
[Site "Chess.com"]
[Date "2024.06.25"]
[Round "3"]
[White "NigiriSushies"]
[Black "Orest_Vovk"]
[Result "0-1"]
[WhiteElo "2300"]
[BlackElo "2559"]
[TimeControl "180+1"]
[EndTime "14:27:09 PDT"]
[Termination "Orest_Vovk won on time"]

1. Nf3 h6 2. g3 g5 3. h3 Bg7 4. Bg2 d6 5. d4 g4 6. hxg4 Bxg4 7. b3 c5 8. Bb2 Nc6 9. e3 Qa5+ 10.
Bc3 Qa6 11. dxc5 Bxc3+ 12. Nxc3 O-O-O 13. Qd3 Qa5 14. O-O dxc5 15. Nd5 Bxf3 16. Bxf3 e6 17.
Qc3 Qxc3 18. Nxc3 Nb4 19. Rac1 Rd2 20. a3 Na6 21. Ne4 Rd7 22. Rfd1 Ne7 23. Nd6+ Kc7 24. Nxf7 Rxd1+ 25. Rxd1 Rf8 26. Ne5 Nb8 27. Kg2 Rf5 28. Nc4 Nbc6 29. Nd6 Rf8 30. Ne4 Ne5 31. Be2 b6 32. Nd6 Nd5 33. Nb5+ Kb7 34. c4 Nf6 0-1